 Dungeon Sprint DCSS version 0.26-a0-771-g060e6a62af (webtiles) character file.

Game seed: 1079064429163842804

3800000 iamoutofideas the Conqueror (level 26, -7/242 HPs)
             Began as a Barachi Fighter on Nov 9, 2020.
             Was the Champion of Makhleb.
             Mangled by a bag of meat
             ... wielding a +9 war axe
              (27 damage)
             ... in the Dungeon (Sprint VIII: "Arena of Blood").
             The game lasted 00:01:49 (38 turns).

iamoutofideas the Conqueror (Barachi Fighter)         Turns: 38, Time: 00:01:51

Health: -7/242     AC: 13    Str: 20    XL:     26   Next: 84%
Magic:  23/54      EV: 31    Int: 10    God:    Makhleb [******]
Gold:   0          SH:  0    Dex: 20    Spells: 79/79 levels left

rFire    . . .     SeeInvis .   k - +∞ Axe of Woe
rCold    . . .     Faith    .   (shield currently unavailable)
rNeg     . . .     Spirit   .   b - +0 scale mail
rPois    .         Reflect  .   (no helmet)
rElec    .         Harm     .   (no cloak)
rCorr    .         Rampage  .   (no gloves)
MR       +....     NoTele   +   (no boots)
Stlth    ++++++++..             (no amulet)
HPRegen  0.50/turn              (no ring)
MPRegen  0.34/turn              (no ring)

@: can't hop, slow
A: +LOS, swims, slowness 1, strong legs 2
a: Hop, Minor Destruction, Lesser Servant of Makhleb, Major Destruction, Greater
Servant of Makhleb, Renounce Religion


You were in the Dungeon.
You worshipped Makhleb.
Makhleb was exalted by your worship.
You visited 1 branch

Inventory:

Hand Weapons
 a - a +0 war axe
 k - the +∞ Axe of Woe (weapon)
   (You found it in the Dungeon)
Armour
 b - a +0 scale mail (worn)
 c - a +0 kite shield
Scrolls
 j - a scroll of blinking
Potions
 d - a potion of might
 e - a potion of curing
 f - a potion of heal wounds
 g - a potion of haste
 h - 2 potions of magic
 i - a potion of berserk rage


   Skills:
 O Level 27 Fighting
 O Level 27 Axes
 O Level 27 Throwing
 O Level 27 Armour
 O Level 27 Dodging
 O Level 27 Stealth
 O Level 27 Shields
 O Level 27 Unarmed Combat
 O Level 27 Spellcasting
 O Level 27 Invocations


You had 79 spell levels left.
You didn't know any spells.
Your spell library was empty.

Dungeon Overview and Level Annotations

Branches:
Dungeon (1/1)

Altars:
Makhleb


Innate Abilities, Weirdness & Mutations

You can be seen from farther away. (+LOS)
You can swim through water.
You cover ground slowly.
You can hop long distances.


Message History

Unknown command.
A bag of meat comes into view. It is wielding a +9 war axe.
The sculptor of flesh appears out of thin air!
A sculptor of flesh comes into view. It is wielding a +9 great sword.
You hear a shout! x2
The destroyer blinks!
The eight-headed meat hydra bites you.
The eight-headed meat hydra barely misses you.
The eight-headed meat hydra bites you! The eight-headed meat hydra bites you.
The eight-headed meat hydra closely misses you.
The eight-headed meat hydra misses you.
The eight-headed meat hydra bites you but does no damage.
The eight-headed meat hydra closely misses you.
You hear a shout! x2
The bag of meat hits you with a +9 war axe!!
You hear a shout! x2
The meat berserker hits you with a +9 battleaxe!!!
* * * LOW HITPOINT WARNING * * *
You hear a shout! x2
The bag of meat hits you with a +9 war axe!!
You die...

#..... =. ...... .. .
. o....##.# .## ..o
o...... ...
.O####oo...##.##.
#.o....O...V....
#.o..O.....#.#.
#...o.......... ..
#.oD@o).......
.z...#.VO))..o.....
......§.o§§........
.........)V.....O.
#...oo..§#z.o....#
...#...§.#o......# .
#...o..###.......###..
......§....O###.......
...#......))_).......


You could see an eight-headed meat hydra, 3 destroyers, 2 sculptors of flesh, 2
large bags of meat, 4 meat berserkers and 15 bags of meat.

Vanquished Creatures
  4 vampire knights (D)
  13 ogres (D)
  A two-headed ogre (D)
  24 orcs (D)
  3 skeletal warriors (D)
45 creatures vanquished.

Notes
Turn   | Place    | Note
-------+----------+-------------------------------------------
     0 | D        | Found the +∞ Axe of Woe
     0 | D        | iamoutofideas the Barachi Fighter began the quest for the
                  | Orb.
     0 | D        | Reached XP level 1. HP: 18/18 MP: 1/1
     1 | D        | Noticed a bag of meat
     1 | D        | Noticed a bag of meat
     2 | D        | Noticed a bag of meat
     3 | D        | Noticed a meat berserker
     4 | D        | Noticed a bag of meat
     6 | D        | Noticed a bag of meat
     6 | D        | Noticed a bag of meat
     7 | D        | Noticed a bag of meat
     8 | D        | Killed a bag of meat
     8 | D        | Reached XP level 2. HP: 49/49 MP: 2/2
     8 | D        | Reached XP level 3. HP: 55/55 MP: 3/3
     8 | D        | Reached XP level 4. HP: 63/63 MP: 4/4
     8 | D        | Reached XP level 5. HP: 69/69 MP: 5/5
     8 | D        | Reached XP level 6. HP: 76/76 MP: 6/6
     8 | D        | Reached XP level 7. HP: 83/83 MP: 7/7
     8 | D        | Reached XP level 8. HP: 90/90 MP: 8/8
     8 | D        | Reached XP level 9. HP: 96/96 MP: 9/9
     8 | D        | Reached XP level 10. HP: 104/104 MP: 10/10
     8 | D        | Reached XP level 11. HP: 110/110 MP: 11/11
     8 | D        | Reached XP level 12. HP: 117/117 MP: 12/12
     8 | D        | Killed a bag of meat
     8 | D        | Gained mutation: You can hop long distances. [Barachi
                  | growth]
     8 | D        | Reached XP level 13. HP: 130/130 MP: 13/13
     8 | D        | Noticed a meat berserker
     8 | D        | Noticed a meat berserker
     8 | D        | Noticed a meat berserker
    10 | D        | Killed a meat berserker
    10 | D        | Reached XP level 14. HP: 54/146 MP: 14/14
    10 | D        | Noticed a bag of meat
    11 | D        | Noticed a meat berserker
    11 | D        | Killed a bag of meat
    11 | D        | Reached XP level 15. HP: 30/156 MP: 15/15
    11 | D        | Reached skill level 15 in Axes
    12 | D        | Killed a meat berserker
    12 | D        | Reached skill level 27 in Fighting
    12 | D        | Reached skill level 27 in Armour
    12 | D        | Reached skill level 27 in Shields
    12 | D        | Reached XP level 16. HP: 33/167 MP: 16/16
    12 | D        | Killed a meat berserker
    12 | D        | Reached XP level 17. HP: 34/174 MP: 17/17
    12 | D        | Reached skill level 27 in Axes
    12 | D        | Noticed a meat berserker
    12 | D        | Noticed a meat berserker
    13 | D        | Killed a meat berserker
    13 | D        | Reached XP level 18. HP: 36/182 MP: 17/33
    14 | D        | Killed a meat berserker
    14 | D        | Reached skill level 15 in Throwing
    14 | D        | Reached skill level 15 in Stealth
    14 | D        | Reached skill level 15 in Spellcasting
    14 | D        | Reached XP level 19. HP: 38/189 MP: 17/39
    15 | D        | Became a worshipper of Makhleb the Destroyer
    15 | D        | Noticed a meat berserker
    16 | D        | Killed a meat berserker
    16 | D        | Noticed a destroyer
    18 | D        | Killed a meat berserker
    18 | D        | Reached * piety under Makhleb
    18 | D        | Killed a meat berserker
    18 | D        | Reached XP level 20. HP: 131/197 MP: 18/44
    19 | D        | Reached ** piety under Makhleb
    20 | D        | Noticed a destroyer
    21 | D        | Reached skill level 15 in Invocations
    21 | D        | Reached XP level 21. HP: 194/204 MP: 18/47
    21 | D        | Killed a destroyer
    22 | D        | Noticed a meat berserker
    23 | D        | Reached *** piety under Makhleb
    23 | D        | Killed a destroyer
    23 | D        | Reached skill level 27 in Dodging
    23 | D        | Reached skill level 27 in Unarmed Combat
    23 | D        | Reached XP level 22. HP: 212/212 MP: 19/51
    25 | D        | Reached **** piety under Makhleb
    25 | D        | Noticed a large bag of meat
    27 | D        | Reached skill level 27 in Throwing
    27 | D        | Reached skill level 27 in Stealth
    27 | D        | Reached skill level 27 in Spellcasting
    28 | D        | Reached skill level 27 in Invocations
    28 | D        | Reached XP level 23. HP: 219/219 MP: 20/54
    28 | D        | Reached ***** piety under Makhleb
    29 | D        | Noticed a destroyer
    30 | D        | Noticed a destroyer
    31 | D        | Noticed a destroyer
    31 | D        | Noticed a large bag of meat
    31 | D        | Noticed a large bag of meat
    33 | D        | Killed a large bag of meat
    33 | D        | Reached XP level 24. HP: 227/227 MP: 22/54
    33 | D        | Noticed a destroyer
    33 | D        | Noticed a large bag of meat
    34 | D        | Reached ****** piety under Makhleb
    35 | D        | Noticed a destroyer
    36 | D        | Noticed a destroyer
    36 | D        | Reached XP level 25. HP: 234/234 MP: 23/54
    36 | D        | Killed a destroyer
    36 | D        | Killed a destroyer
    36 | D        | Reached XP level 26. HP: 242/242 MP: 23/54
    38 | D        | Mangled by a bag of meat

Illustrated notes

Levels and vault maps discovered:
D:        meatsprint

Skill      XL: |  1  2  3  4  5  6  7  8  9 10 11 12 13 14 15 16 17 18 19 20 21 22 |
---------------+-------------------------------------------------------------------+-----
Fighting       | 18 21 24 25 27 | 27.0
Axes           | 9 11 13 14 19 26 27 | 27.0
Armour         | 18 21 24 25 27 | 27.0
Shields        | 17 19 21 22 27 | 27.0
Throwing       | 11 16 20 22 25 27 | 27.0
Dodging        | 12 17 22 24 27 | 27.0
Stealth        | 11 16 20 22 25 27 | 27.0
Unarmed Combat | 12 17 22 24 27 | 27.0
Spellcasting   | 11 16 20 22 25 27 | 27.0
Invocations    | 13 15 19 27 | 27.0

Action                   |  1- 3 |  4- 6 |  7- 9 | 10-12 | 13-15 | 16-18 | 19-21 | 22-24 | 25-27 || total
-------------------------+-------+-------+-------+-------+-------+-------+-------+-------+-------++-------
Melee: Executioner's axe |     1 |       |       |       |     3 |     2 |     5 |     9 |     1 ||    21
 Abil: Hop               |       |       |       |       |       |       |       |     1 |       ||     1
Armor: Scale mail        |       |       |       |       |       |       |       |     1 |     1 ||     2
Dodge: Dodged            |       |       |       |       |       |       |     1 |     1 |     4 ||     6

Table legend: (Time is in decaauts)
 A = Elapsed time spent in this place.
 B = Non-inter-level travel time spent in this place.
 C = Inter-level travel time spent in this place.
 D = Time resting spent in this place.
 E = Time spent auto-exploring this place.
 F = Levels seen in this place.
 G = Mean time per level.
                   A        B        C        D        E       F      G
               +--------+--------+--------+--------+--------+-----+--------+
         Total |     35 |     35 |      0 |      0 |      0 |   1 |   35.0 |
       Dungeon |     35 |     35 |      0 |      0 |      0 |   1 |   35.0 |
               +--------+--------+--------+--------+--------+-----+--------+

Top non-repeatable levels by time:
       D: 35 daAuts
